 Dungeon Crawl Stone Soup version 0.31.0-11-ge490571c62 (webtiles) character file.

Game seed: 7679728251106823947

63 PaiMei the Grave Robber (level 3, -5/25 HPs)
             Began as a Demonspawn Necromancer on Jan 28, 2024.
             Slain by Terence
             ... wielding a +0 mace
              (8 damage)
             ... on level 2 of the Dungeon.
             The game lasted 00:03:03 (1591 turns).

PaiMei the Grave Robber (Demonspawn Necromancer)    Turns: 1591, Time: 00:03:04

Health: -5/25      AC:  3    Str:  8    XL:     3   Next: 87%
Magic:  0/6        EV: 12    Int: 17    God:
Gold:   74         SH:  0    Dex: 13    Spells: 6/7 levels left

rFire   . . .        d - +0 short sword
rCold   . . .        (no shield)
rNeg    . . .        a - +0 robe
rPois   .            (no helmet)
rElec   .            (no cloak)
rCorr   .            (no gloves)
SInv    .            k - +0 pair of boots
Will    .....        (no amulet)
Stlth   ++           (no ring)
HPRegen 0.24/turn    (no ring)
MPRegen 0.10/turn

%: no passive effects
@: no status effects
A: ignite blood 1
a: no special abilities


You were on level 2 of the Dungeon.
You visited 1 branch of the dungeon, and saw 2 of its levels.

You collected 74 gold pieces.

Inventory:

Hand Weapons
 d - a +0 short sword (weapon)
Armour
 a - a +0 robe (worn)
 k - a +0 pair of boots (worn)
Scrolls
 c - a scroll of revelation {unknown}
 e - a scroll of amnesia {unknown}
 h - a scroll of poison {unknown}
 i - 3 scrolls of identify {unknown}
 j - a scroll of fear {unknown}
Potions
 b - 2 potions of magic
 f - a potion of curing {unknown}
 g - a potion of resistance {unknown}


   Skills:
 + Level 0.7 Fighting
 + Level 2.4 Dodging
 - Level 2.2 Stealth
 + Level 2.6 Spellcasting
 + Level 4.9 Necromancy


You had 6 spell levels left.
You knew the following spells:

 Your Spells              Type           Power      Damage    Failure   Level
a - Necrotise             Necr           72%        1d7       2%          1

Your spell library contained the following spells:

 Spells                   Type           Power      Damage    Failure   Level
 Vampiric Draining        Necr           18%        2d7       8%          3
 Animate Dead             Necr           18%        N/A       24%         4
 Curse of Agony           Necr           18%        N/A       56%         5


Dungeon Overview and Level Annotations

Branches:
Dungeon (2/15)

Altars:

Shops:
D:2 (

Annotations:
D:2 Terence


Innate Abilities, Weirdness & Mutations

Your demonic aura sometimes causes spilled blood to erupt in flames.


Message History

You completely miss Terence.
Terence is almost dead.
Terence closely misses you.
You hit Terence but do no damage.
Terence is almost dead.
Terence hits you with a +0 mace!
You hit Terence but do no damage.
Terence is almost dead.
Terence closely misses you.
Casting: Necrotise (safe; 2% risk of failure)
Confirm with . or Enter, or press ? or * to list all spells.
Aiming: Necrotise (safe; 2% risk of failure)
Press: ? - help, Shift-Dir - straight line, f/p - Terence
Aim: Terence, wielding a +0 mace and wearing a +0 chain mail (almost dead, chance to affect: 83%) Terence barely resists.
Terence closely misses you.
Casting: Necrotise (safe; 2% risk of failure)
Confirm with . or Enter, or press ? or * to list all spells.
You don't have enough magic to cast this spell.
You barely miss Terence.
Terence is almost dead.
Terence closely misses you.
You hit Terence but do no damage.
Terence is almost dead.
Terence hits you with a +0 mace.
You hit Terence but do no damage.
Terence is almost dead.
Terence hits you with a +0 mace!
You hit Terence but do no damage.
Terence is almost dead.
Terence shouts, "ATTACK!!!"
Terence closely misses you.
Casting: Necrotise (safe; 2% risk of failure)
Confirm with . or Enter, or press ? or * to list all spells.
You don't have enough magic to cast this spell.
Terence attacks as he pursues you! Terence hits you with a +0 mace!
* * * LOW HITPOINT WARNING * * *
Terence attacks as he pursues you! Terence closely misses you.
Terence attacks as he pursues you! Terence hits you with a +0 mace!
You die...
Terence says, "That felt goooood."

#######...###.#<..#
#.........#########
#.####....#..
#.#.......#.# ##
#.#.#.##..#.# ..
#.#...)...#.#.###
#...#...........#
###.####.##.#####
#..@@..##...
########.######
#...........#
#.#########.# ####
#.#...<##.#.# ...#
#.##.####...# ##.#
#.##)...#.### #.#
#.#####.#.# #.# #.#
##.#.#


You could see Terence.

Vanquished Creatures
  Jessica (D:2)
  3 ball pythons
  2 endoplasms (D:1)
  4 giant cockroaches (D:1)
  A goblin (D:2)
  A hobgoblin (D:1)
  5 jackals
  4 quokkas (D:1)
  2 bats (D:1)
  2 frilled lizards (D:1)
  2 kobolds (D:1)
  4 rats (D:1)
31 creatures vanquished.

Vanquished Creatures (collateral kills)
  An endoplasm (D:1)
  A rat (D:1)
2 creatures vanquished.

Grand Total: 33 creatures vanquished

Notes
Turn   | Place    | Note
-------+----------+-------------------------------------------
     0 | D:1      | PaiMei the Demonspawn Necromancer began the quest for the
                  | Orb.
     0 | D:1      | Reached XP level 1. HP: 13/13 MP: 3/3
   209 | D:1      | Gained mutation: Your demonic aura sometimes causes spilled
                  | blood to erupt in flames. [demonic ancestry]
   209 | D:1      | Reached XP level 2. HP: 19/19 MP: 3/5
   902 | D:1      | Reached XP level 3. HP: 24/24 MP: 4/6
   978 | D:1      | You fall into a shaft and drop 1 floor!
   982 | D:2      | Found Oveecae's Weapon Emporium.
   982 | D:2      | Noticed Terence
  1130 | D:2      | Noticed Jessica
  1134 | D:2      | Killed Jessica
  1591 | D:2      | Slain by Terence

Illustrated notes

Levels and vault maps discovered:
D:1:      erik_arrival_triangle_small, layout_loops_ring, minmay_tromino_v2
D:2:      layout_basic, serial_shops, nicolae_shop_window_shopping,
          uniq_terence, uniq_jessica

Skill      XL: |  1 |
---------------+----+-----
Dodging        | 2 |  2.4
Stealth        | 2 |  2.2
Fighting       | |  0.7
Spellcasting   | |  2.6
Necromancy     | |  4.9

Action                     || total
---------------------------++-------
  Melee: Short sword       ||    31
   Cast: Necrotise         ||    67
 Armour: Robe              ||    40
  Dodge: Dodged            ||    41
